Map: 黄金之柱-天梯版

Players

TIME (Oliveira) - Winner!

  • Race: Terran Terran

正义的泉水沟 (BreakingGG)

  • Race: Zerg Zerg
  • League: Master

Event: DreamHack SC2 Masters 2020 Summer China

VOD

Have the link to the VOD?

Description

Time

  • Played on: July 1, 2020, 7:33 a.m.
  • Length: 12:50

All games in this series

Show
View Real Time Build Order
Export as new Build Order

TIME Terran - Winner!

Build Orders: Liberator Opening, Reaper Expand 

Get SALT Encoding   

  12  0:00  SCV  
  13  0:13  SCV  
  14  0:18  Supply Depot  
  14  0:25  SCV  
  15  0:39  SCV  
  15  0:40  Barracks  
  16  0:45  Refinery  
  16  0:51  SCV  
  17  1:03  SCV  
  18  1:16  SCV  
  19  1:28  Reaper, Orbital Command  
  20  1:43  Command Center  
  20  1:53  Supply Depot  
  20  1:55  SCV  
  20  2:01  Marine  
  22  2:07  SCV  
  23  2:11  Factory  
  23  2:17  Refinery  
  23  2:21  SCV  
  24  2:23  Barracks Reactor  
  24  2:33  SCV  
  25  2:45  SCV  
  26  2:56  Orbital Command  
  26  2:57  SCV  
  27  2:59  Starport  
  27  3:03  Hellion x2  
  31  3:08  Marine  
  31  3:09  SCV  
  33  3:22  SCV x2  
  33  3:25  Hellion x2  
  39  3:29  Supply Depot  
  39  3:35  SCV, Liberator  
  39  3:36  SCV  
  39  3:39  Barracks Tech Lab  
  44  3:48  Hellion  
  46  3:51  SCV, Hellion  
  46  3:52  Supply Depot  
  46  3:54  SCV  
  50  3:58  Stimpack  
  50  4:03  SCV  
  50  4:06  SCV  
  52  4:16  SCV  
  53  4:18  SCV  
  53  4:23  Factory Reactor, Marine  
  54  4:27  Command Center  
  54  4:28  SCV  
  54  4:30  Supply Depot  
  55  4:32  Barracks  
  55  4:34  SCV, Starport Reactor  
  56  4:40  SCV  
  56  4:42  Barracks  
  57  4:47  SCV, Engineering Bay, Marine  
  59  4:54  SCV  
  59  4:58  Engineering Bay  
  60  5:00  SCV  
  60  5:05  Marine  
  60  5:06  SCV  
  60  5:08  Refinery x2  
  60  5:12  SCV, Medivac x2  
  63  5:15  Terran Infantry Weapons Level 1  
  63  5:18  SCV, Marine  
  63  5:20  Marine  
  66  5:24  Terran Infantry Armor Level 1  
  66  5:25  SCV  
  66  5:28  Factory Tech Lab  
  67  5:31  Marine  
  67  5:32  SCV  
  69  5:35  Marine  
  69  5:36  Supply Depot  
  69  5:38  SCV, Marine  
  69  5:39  Orbital Command  
  69  5:40  Marine  
  69  5:41  Marine  
  74  5:44  Combat Shield  
  74  5:48  Marine  
  75  5:51  Siege Tank  
  75  5:53  SCV, Marine  
  75  5:54  SCV  
  81  5:58  Supply Depot  
  81  5:59  Marine x3  
  81  6:03  Orbital Command  
  84  6:06  Marine  
  85  6:11  Marine  
  85  6:16  Marine x2  
  88  6:19  Medivac x2  
  88  6:22  Marine  
  92  6:28  Marine  
  92  6:29  Marine, Siege Tank  
  92  6:30  SCV x2  
  92  6:32  Supply Depot  
  94  6:33  SCV  
  94  6:34  Marine x2  
  97  6:40  Marine  
  97  6:45  Barracks  
  97  6:46  Marine  
  97  6:47  Marine  
  97  6:49  Barracks  
  97  6:52  Marine x2  
  97  6:53  SCV  
  97  6:54  SCV, Armory  
  102  6:55  Medivac  
  102  6:56  Medivac  
  102  6:58  SCV, Marine  
  108  7:03  Marine  
  108  7:06  Supply Depot  
  108  7:07  Supply Depot  
  109  7:15  SCV, Supply Depot  
  109  7:27  SCV x2, Marine x2, Siege Tank  
  109  7:28  SCV  
  117  7:32  Marine  
  112  7:40  SCV x3  
  112  7:43  Marine  
  111  7:45  Barracks Reactor  
  111  7:49  Terran Infantry Armor Level 2, Terran Infantry Weapons Level 2  
  110  7:52  SCV x2, Refinery, Marine  
  110  7:53  Refinery  
  110  7:58  SCV, Barracks Reactor, Marine x2  
  114  8:04  SCV, Marine x2  
  118  8:05  Siege Tank  
  118  8:06  SCV  
  118  8:09  Medivac x2  
  118  8:10  SCV, Marine  
  128  8:17  Marine x2  
  130  8:21  Factory  
  130  8:22  Marine  
  130  8:23  Supply Depot  
  130  8:24  Supply Depot  
  130  8:25  Marine x2  
  133  8:36  Supply Depot  
  133  8:37  Drilling Claws, Terran Vehicle And Ship Armor Level 1  
  133  8:42  Command Center  
  133  8:44  Marine x3  
  133  8:45  Widow Mine  
  123  9:00  Marine  
  123  9:01  Marine x5  
  123  9:02  SCV x2  
  114  9:03  SCV  
  114  9:05  Marine  
  114  9:07  Missile Turret, Liberator x2  
  114  9:08  Factory Reactor  
  114  9:09  Widow Mine, Sensor Tower  
  124  9:11  Marine x2  
  124  9:15  SCV x2  
  128  9:18  Marine x2  
  130  9:25  Marine  
  130  9:27  Marine x2  
  133  9:32  Missile Turret, Marine x2, Barracks x3  
  133  9:34  Widow Mine  
  133  9:36  Marine  
  133  9:37  Marine  
  133  9:38  Marine x2  
  141  9:43  Marine  
  146  9:45  Widow Mine  
  146  9:46  Widow Mine  
  146  9:50  Marine x2  
  133  9:54  Marine  
  133  9:55  Planetary Fortress  
  133  9:56  Marine x2  
  133  9:58  Marine x2  
  134  10:02  Thor  
  134  10:03  Marine  
  134  10:05  Marine  
  142  10:08  Marine  
  142  10:10  Terran Infantry Weapons Level 3  
  142  10:11  Marine  
  144  10:17  Widow Mine, Marine  
  144  10:19  Marine  
  144  10:20  Marine x2  
  144  10:21  Marine  
  151  10:22  Barracks Tech Lab x2  
  151  10:23  Barracks Tech Lab  
  151  10:24  Marine  
  151  10:26  Marine x2, Widow Mine  
  156  10:30  Marine  
  156  10:35  Marine  
  157  10:36  Medivac x2  
  157  10:41  Supply Depot, Marine x2  
  157  10:42  Concussive Shells, Supply Depot  
  164  10:44  Supply Depot  
  164  10:45  Marauder  
  164  10:46  Marine  
  166  10:52  SCV x2  
  166  10:53  Marine  
  166  11:03  Marine x2  
  167  11:04  Marine  
  167  11:07  Marine  
  167  11:09  Marine  
  167  11:10  Marine  
  158  11:13  Marine  
  158  11:15  Marine  
  142  11:19  Marine x2  
  142  11:22  Marine  
  142  11:24  Marine  
  144  11:28  SCV x3, Marine  
  144  11:29  Marine  
  141  11:33  Marine  
  141  11:34  Marine  
  141  11:36  Marine x2  
  141  11:37  Marauder, Marine x3  
  141  11:38  SCV, Widow Mine x2  
  147  11:40  SCV  
  147  11:45  Missile Turret  
  147  11:46  Missile Turret  
  147  11:47  Marine x3  
  146  11:49  Marine, Sensor Tower  
  146  11:51  Marine  
  146  11:53  Marine  
  152  11:56  Marine  
  152  11:58  Marine x2  
  152  11:59  Marine x2  
  152  12:00  Widow Mine  
  152  12:01  SCV, Widow Mine x2  
  155  12:02  Marine  
  155  12:04  Command Center  
  155  12:05  Marine x2  
  158  12:09  Marine  
  158  12:13  Marine  
  158  12:15  Marine  
  153  12:18  Marine x2  
  153  12:19  Marauder, Marine x3  
  153  12:21  SCV x2  
  153  12:24  SCV  
  153  12:29  Command Center, Marine x3  
Show
View Real Time Build Order
Export as new Build Order

正义的泉水沟 Zerg 

Build Orders: Hatch First 

Get SALT Encoding   

  12  0:00  Drone  
  13  0:12  Overlord  
  13  0:17  Drone  
  14  0:30  Drone x2  
  16  0:49  Hatchery  
  15  0:52  Drone  
  15  0:55  Drone  
  17  0:59  Drone  
  18  1:11  Extractor  
  17  1:14  Spawning Pool  
  16  1:19  Drone  
  16  1:21  Drone  
  18  1:28  Drone  
  19  1:38  Drone  
  20  1:48  Hatchery  
  19  1:55  Drone  
  19  2:01  Queen  
  20  2:04  Zergling x2  
  20  2:07  Zergling x2  
  24  2:18  Queen  
  26  2:23  Overlord  
  26  2:31  Drone x2  
  28  2:40  Metabolic Boost  
  28  2:46  Drone  
  28  2:47  Drone x3  
  28  2:49  Drone  
  33  2:57  Queen  
  35  3:05  Queen  
  35  3:08  Drone  
  35  3:11  Overlord  
  38  3:14  Drone  
  38  3:17  Drone  
  40  3:23  Drone x2  
  40  3:25  Overlord  
  42  3:29  Overlord  
  42  3:35  Drone x2  
  42  3:37  Queen  
  47  3:41  Zergling x4  
  47  3:43  Zergling x2  
  47  3:45  Drone  
  47  3:48  Drone  
  51  3:51  Queen  
  51  3:54  Drone  
  54  3:58  Drone  
  54  3:59  Baneling Nest  
  54  4:01  Drone  
  55  4:03  Overlord  
  55  4:07  Drone x2  
  55  4:09  Drone  
  58  4:10  Drone  
  58  4:14  Drone x2  
  61  4:20  Overlord  
  61  4:22  Overlord, Extractor  
  60  4:25  Drone x2  
  60  4:30  Drone x3  
  65  4:34  Spore Crawler  
  65  4:36  Queen  
  66  4:41  Zergling x4  
  66  4:42  Drone  
  66  4:43  Drone  
  70  4:45  Evolution Chamber  
  70  4:48  Evolution Chamber, Drone  
  70  4:51  Drone  
  70  4:57  Overlord  
  68  5:03  Drone x4  
  68  5:04  Drone x2  
  67  5:07  Queen  
  67  5:09  Zergling x4  
  67  5:12  Drone x3  
  72  5:16  Zerg Ground Armor Level 1  
  72  5:21  Zerg Melee Weapons Level 1  
  72  5:22  Drone, Extractor  
  72  5:23  Drone x2  
  72  5:25  Drone  
  75  5:29  Drone x3  
  78  5:36  Extractor  
  78  5:37  Pneumatized Carapace  
  78  5:38  Lair  
  78  5:39  Drone  
  78  5:46  Overlord  
  78  5:48  Overlord  
  78  5:50  Zergling x2  
  78  5:51  Zergling x2  
  78  5:54  Overlord  
  80  5:58  Drone  
  80  6:00  Hatchery, Extractor  
  80  6:02  Zergling x4  
  80  6:03  Zergling x8  
  85  6:08  Overlord  
  85  6:13  Zergling x4  
  85  6:14  Zergling x4  
  85  6:17  Queen  
  91  6:20  Drone x3  
  93  6:27  Drone x3  
  94  6:35  Zergling x4, Hatchery  
  94  6:38  Baneling x3  
  95  6:42  Centrifical Hooks  
  95  6:48  Zergling x10  
  95  6:50  Baneling x6  
  95  6:54  Zergling x4  
  101  6:57  Zergling x2  
  100  7:06  Zergling x6  
  102  7:13  Zergling x2  
  102  7:14  Zergling x10  
  108  7:16  Baneling  
  108  7:17  Baneling  
  108  7:18  Zergling x2  
  108  7:24  Zergling x6  
  111  7:31  Queen  
  111  7:33  Queen  
  106  7:43  Zergling x24  
  107  7:50  Zergling x6  
  110  7:51  Overlord x2  
  110  7:57  Overlord  
  108  8:00  Baneling x2  
  104  8:09  Zergling x10  
  104  8:11  Baneling x5  
  109  8:13  Zergling x2, Baneling x2  
  109  8:14  Zergling x16  
  118  8:20  Zergling x6  
  118  8:23  Drone  
  122  8:32  Zergling x10  
  127  8:34  Overseer  
  127  8:36  Zerg Ground Armor Level 2, Zerg Melee Weapons Level 2  
  127  8:38  Spire  
  127  8:39  Drone x7  
  133  8:41  Extractor  
  133  8:42  Extractor  
  127  8:52  Zergling x2  
  127  8:53  Zergling x6  
  127  8:55  Zergling x18  
  110  8:58  Zergling x2  
  110  9:00  Zergling x2  
  113  9:06  Drone x4  
  113  9:09  Zergling x8  
  121  9:12  Baneling  
  121  9:13  Zergling x2, Baneling x5  
  121  9:14  Zergling x8  
  121  9:16  Zergling x2  
  127  9:18  Overlord  
  127  9:22  Overlord, Drone x2  
  129  9:27  Overlord  
  127  9:46  Zergling x2  
  127  9:47  Zergling x22  
  127  9:49  Baneling  
  127  9:50  Baneling x6  
  121  10:00  Zerg Flyer Weapons Level 1  
  121  10:01  Mutalisk  
  121  10:02  Mutalisk x12  
  121  10:06  Zergling x2  
  144  10:15  Zergling x10  
  144  10:18  Drone x2  
  144  10:20  Baneling  
  144  10:21  Baneling x3  
  151  10:24  Infestation Pit  
  151  10:25  Zergling x10  
  151  10:27  Overlord  
  155  10:33  Hatchery  
  154  10:37  Overlord  
  154  10:42  Zergling x6  
  157  10:53  Baneling x6  
  155  11:00  Baneling x2  
  155  11:03  Zergling x24  
  152  11:15  Zergling x24  
  151  11:19  Spore Crawler  
  144  11:29  Zergling x22  
  115  11:42  Mutalisk x5  
  122  11:48  Hatchery  
  109  11:59  Mutalisk  
  109  12:00  Mutalisk x4  
  84  12:17  Baneling x2  
  84  12:18  Zergling x18  
Tags
 
Add a new tag
Caveats
  • Supply blocks, unpowered buildings, or Contaminate may cause inaccurate times.
  • Supply counts are checked every 10 seconds.